AoeStats
← PNAL | Bebeganzo

MegaRandom

509996559Analyzed
4v4 RM · 3d ago on Sep 29, 2026· 29m 32s· 8 players
Game mode
Random Map
Map size
Large (8 player)
Population
200
Speed
Normal
Resources
Standard
Victory
Conquest
Starting age
Dark Age
Ending age
Imperial Age
RankedLock teamsTeams togetherTeam positionsShared explorationLock speedFull tech treeHidden civsTurbo modeCheats
Victory
Defeat
🇨🇱 Varangians · Chile
1360
+11
🇦🇷 Mongols · Argentina
1343
+12
🇺🇾 Spanish · Uruguay
1341
+12
🇦🇷 Burgundians · Argentina
1130
+19
🇨🇴 Muisca · Colombia
1309
-16
1242
-14
🇺🇸 Varangians · United States
1212
-12
🇺🇸 Danes · United States
1194
-12
Si me criticas te fedeo
0:31 Loom
9:28 Feudal Age
10:51 Wheelbarrow
12:12 Horse Collar
20:49 Castle Age
19:51 Double-Bit Axe
22:33 Heavy Plow
22:42 Town Watch
23:06 Stone Mining
23:29 Bow Saw
Unknowncmbk
0:35 Loom
11:04 Feudal Age
16:14 Castle Age
14:16 Double-Bit Axe
14:13 Horse Collar
28:47 Fletching
Mahore
2:30 Loom
10:59 Feudal Age
11:03 Champi Runner
20:03 Castle Age
18:18 Horse Collar
18:24 Double-Bit Axe
21:06 Heavy Plow
21:20 Forging
21:11 Scale Mail Armor
20:33 Pikeman
21:14 Squires
21:42 Bow Saw
21:33 Fletching
21:44 Padded Archer Armor
24:50 Gold Mining
25:21 Leather Archer Armor
LazyJames
10:06 Loom
11:52 Feudal Age
20:21 Double-Bit Axe
26:32 Castle Age
PNAL | El Chill de Cojones
6:55 Loom
9:10 Feudal Age
10:21 Double-Bit Axe
12:21 Forging
20:26 Castle Age
18:51 Scale Barding Armor
19:52 Bloodlines
20:06 Gold Mining
21:32 Horse Collar
22:37 Iron Casting
27:47 Bow Saw
28:10 Chain Barding Armor
rama xstar
9:47 Feudal Age
9:48 Loom
10:34 Double-Bit Axe
11:52 Horse Collar
16:24 Wheelbarrow
16:11 Forging
20:17 Castle Age
20:16 Bloodlines
21:32 Bow Saw
22:37 Heavy Plow
23:11 Hand Cart
30:28 Imperial Age
28:23 Gold Mining
PNAL | Bebeganzo
6:45 Loom
9:07 Feudal Age
8:16 Double-Bit Axe
9:14 Horse Collar
19:17 Bow Saw
21:25 Castle Age
19:34 Heavy Plow
19:27 Gold Mining
20:06 Forging
20:25 Scale Barding Armor
22:09 Husbandry
21:29 Cavalier
23:21 Two-Man Saw
23:04 Wheelbarrow
23:41 Crop Rotation
29:20 Iron Casting
30:24 Chain Barding Armor
PNAL | Lipe
5:07 Loom
10:17 Feudal Age
11:53 Double-Bit Axe
14:41 Horse Collar
16:03 Bloodlines
16:54 Forging
21:40 Castle Age
21:57 Wheelbarrow
22:23 Husbandry
23:37 Scale Barding Armor
23:57 Bow Saw
25:01 Wheelbarrow
28:12 Hand Cart
28:12 Town Watch
30:02 Iron Casting
Connection lost

Rejoining the realm…

Still unreachable

The connection could not be restored.

Session expired

The server has moved on; the page needs a fresh start.